 Dungeon Crawl Stone Soup version 0.21-a0-88-g13b9641 (console) character file.

1425 removed the Basher (level 9, -12/97 HPs)
             Began as a Human Wanderer on June 26, 2017.
             Was a Follower of Ru.
             Mangled by DEFE's ghost (18 damage)
             ... on level 6 of the Dungeon.
             The game lasted 00:20:25 (6551 turns).

removed the Basher (Human Wanderer)                 Turns: 6551, Time: 00:20:26

Health: -12/97     AC: 24    Str: 15    XL:     9   Next: 2%
Magic:  9/9        EV:  2    Int: 12    God:    Ru [*.....]
Gold:   298        SH:  0    Dex: 14    Spells: 8/8 levels left

rFire    + . .     SeeInvis .   a - +0 mace
rCold    x . .     Gourm    .   (no shield)
rNeg     + + +     Faith    .   (armour currently unavailable)
rPois    +         Spirit   .   (helmet currently unavailable)
rElec    .         Reflect  .   (cloak currently unavailable)
rCorr    .         Harm     .   (gloves currently unavailable)
MR       .....     NoTele   +   (boots currently unavailable)
Stlth    +.........             o - amulet of regeneration
HPRegen  0.66/turn              w - ring of fire
MPRegen  0.11/turn              (no ring)

@: liquid flames, tree-form, hasted, glowing, very quick
A: hated by all
a: Renounce Religion


You were on level 6 of the Dungeon.
You worshipped Ru.
Ru was aware of your devotion.
You were hungry.
You were a tree.
You visited 1 branch of the dungeon, and saw 7 of its levels.

You collected 298 gold pieces.

Inventory:

Hand Weapons
 a - a +0 mace (weapon)
 b - a +0 blowgun
 l - a +1 spear of piercing
 r - a +0 war axe of venom
Missiles
 K - 4 needles of confusion
Armour
 i - a +0 buckler
 x - a +2 cloak (melded)
 I - a +2 scale mail (melded)
Jewellery
 k - a +4 amulet of reflection
 o - an amulet of regeneration (around neck)
 w - a ring of fire (left branch)
Wands
 E - a wand of lightning (0/15)
 G - a wand of random effects (13/48)
 N - a wand of random effects (38/48)
Scrolls
 e - 2 scrolls of enchant armour {unknown}
 g - 2 scrolls of noise {unknown}
 h - 4 scrolls of identify
 j - a scroll of immolation {unknown}
 p - 2 scrolls of recharging {unknown}
 q - 2 scrolls of remove curse {unknown}
 s - 2 scrolls of fog {unknown}
 t - a scroll of amnesia {unknown}
 y - 3 scrolls of blinking {unknown}
 L - 3 scrolls of magic mapping {unknown}
Potions
 c - 6 potions of curing
 n - 2 potions of flight
 u - a potion of heal wounds
 A - a potion of degeneration
 B - a potion of haste
 C - a potion of magic
 H - 3 potions of mutation
Books
 O - a book of Necromancy

   Spells                             Type                      Level
   a - Pain                           Necromancy                   1
   b - Animate Skeleton               Necromancy                   1
   c - Vampiric Draining              Necromancy                   3
   d - Regeneration                   Charms/Necromancy            3
   e - Animate Dead                   Necromancy                   4
   f - Control Undead                 Necromancy                   4
Comestibles
 d - 4 bread rations
 v - 2 royal jellies
 D - a meat ration


   Skills:
 + Level 3.8 Fighting
 - Level 1.0(6.4) Axes
 - Level 10.1 Maces & Flails
   Level 1.0 Bows
 - Level 3.0 Armour
 - Level 1.0 Stealth
 - Level 1.0 Shields


You had 8 spell levels left.
You didn't know any spells.

Dungeon Overview and Level Annotations

Branches:
Dungeon (7/15)             Temple (0/1) D:7

Altars:
Elyvilon
Makhleb
Okawaru
Ru
Sif Muna
Trog
The Shining One

Shops:
D:5 }

Annotations:
D:6 DEFE's ghost, novice DECK
D:7 Joseph


Innate Abilities, Weirdness & Mutations

You are hated by all.


Message History

You closely miss the orc warrior.
The orc warrior is heavily wounded.
You are covered in liquid flames!
The orc warrior hits you but does no damage.
You closely miss the orc warrior.
The orc warrior is heavily wounded.
You are covered in liquid flames!
* * * LOW HITPOINT WARNING * * *
DEFE's ghost sprays you with burning goo.
The sticky flame hits you!
You are covered in liquid flames!
You sock the orc warrior!
The orc warrior is almost dead.
You are covered in liquid flames!
* * * LOW HITPOINT WARNING * * *
The orc warrior hits you but does no damage.
DEFE's ghost hits you.
* * * LOW HITPOINT WARNING * * *
You are electrocuted!
You die...

#(..o....# #.#
#.######.######.####
#.# #.............
#(# ###o.####....#.#
#.# #..........(.(..
#o# #.#..####....#(#
#(# #.#..# #......(
#.###.#..####.#.##.#
#(o♣W.........#....#
#####.#########'####
#.# ##...## ##.##
##.....## ##...#
##.......#
#....####.........
#.......'.........
#....####.........
#.#(## ##.......#


You could see an orc warrior and DEFE's ghost.

Vanquished Creatures
  Menkaure (D:6)
  An ice beast (D:5)
  An orc warrior (D:6)
  2 sky beasts (D:5)
  2 ogres
  2 centaurs
  A scorpion (D:6)
  A water moccasin skeleton (D:5)
  3 crimson imps
  A hound (D:5)
  An orc priest (D:3)
  2 orc wizards
  2 iguanas
  Ijyb (D:3)
  2 worker ants
  A worker ant zombie (D:5)
  3 gnolls (D:6)
  5 adders
  A shadow imp (D:5)
  An adder skeleton (D:5)
  6 worms
  4 dart slugs
  7 leopard geckos
  10 orcs
  3 giant cockroaches
  5 goblins
  10 hobgoblins
  4 jackals (D:2)
  4 quokkas
  2 ball pythons
  6 bats
  4 frilled lizards
  4 kobolds
  10 rats
113 creatures vanquished.

Vanquished Creatures (others)
  A quokka (D:4)
1 creature vanquished.

Grand Total: 114 creatures vanquished

Notes
Turn   | Place    | Note
-------+----------+-------------------------------------------
     0 | D:1      | removed the Human Wanderer began the quest for the Orb.
     0 | D:1      | removed set off with: a +2 scale mail, a +0 mace, a potion of curing, a bread ration
     0 | D:1      | Reached XP level 1. HP: 18/18 MP: 1/1
   298 | D:1      | Reached skill level 1 in Maces & Flails
   338 | D:1      | Reached XP level 2. HP: 24/24 MP: 2/2
   537 | D:1      | Reached skill level 2 in Maces & Flails
   947 | D:2      | Reached XP level 3. HP: 29/29 MP: 3/3
  1272 | D:2      | Found a sacrificial altar of Ru.
  1344 | D:2      | Reached skill level 3 in Maces & Flails
  1536 | D:2      | Found a glowing golden altar of the Shining One.
  1650 | D:2      | Reached XP level 4. HP: 35/35 MP: 4/4
  1748 | D:2      | Found a deep blue altar of Sif Muna.
  2040 | D:2      | Became a worshipper of Ru the Awakened
  2177 | D:3      | Noticed an ogre
  2613 | D:2      | Reached skill level 4 in Maces & Flails
  2613 | D:2      | Reached XP level 5. HP: 30/41 MP: 5/5
  2841 | D:3      | Noticed Ijyb
  3286 | D:4      | Found a white marble altar of Elyvilon.
  3386 | D:4      | Found a burning altar of Makhleb.
  3393 | D:4      | Reached skill level 5 in Maces & Flails
  3615 | D:3      | Killed Ijyb
  3615 | D:3      | Reached XP level 6. HP: 37/47 MP: 6/6
  3743 | D:3      | Killed an ogre
  3743 | D:3      | Reached skill level 6 in Maces & Flails
  3836 | D:4      | Gained mutation: You are hated by all. [Ru sacrifice]
  3836 | D:4      | Reached * piety under Ru
  3848 | D:3      | Reached XP level 7. HP: 52/52 MP: 7/7
  4142 | D:5      | Entered Level 5 of the Dungeon
  4166 | D:5      | Found an iron altar of Okawaru.
  4200 | D:5      | Reached skill level 7 in Maces & Flails
  4442 | D:5      | Found a bloodstained altar of Trog.
  4546 | D:5      | Reached skill level 8 in Maces & Flails
  4569 | D:5      | Found Viumei Veewk's Gadget Boutique.
  4736 | D:5      | Reached XP level 8. HP: 50/58 MP: 8/8
  5003 | D:6      | Noticed Menkaure
  5011 | D:6      | Killed Menkaure
  5011 | D:6      | Reached skill level 9 in Maces & Flails
  5134 | D:6      | Noticed DEFE's ghost (novice DECK)
  5690 | D:7      | Found a staircase to the Ecumenical Temple.
  5707 | D:7      | Noticed Joseph
  6063 | D:5      | Reached skill level 10 in Maces & Flails
  6303 | D:5      | Noticed a rust devil
  6303 | D:5      | Noticed a rust devil
  6543 | D:6      | Reached XP level 9. HP: 18/65 MP: 9/9
  6551 | D:6      | Mangled by DEFE's ghost

Vault maps used:
D:1:      minmay_arrival_widening_spiral_wide, minmay_pentomino_t2
D:2:      lemuel_crystal_altar, nicolae_overflow_hidden_temple, tso_metal_star
D:3:      uniq_ijyb
D:4:      elyvilon_altar_4, makhleb_grotto_becter, first_bread
D:5:      cheibrodos_iron_armory, bloody_trog, serial_shops,
          kennysheep_little_box, okawaru_gym_becter
D:6:      uniq_menkaure
D:7:      nemelex_xobeh_ov_fountains_minmay, minmay_temple_entry_junction,
          uniq_joseph

Skill      XL: |  1  2  3  4  5  6  7  8 |
---------------+-------------------------+-----
Maces & Flails | 1 2 3 4 5 6 8 10 | 10.1
Fighting       | |  3.8
Axes           | |  1.0
Bows           | |  1.0
Armour         | |  3.0
Stealth        | |  1.0
Shields        | |  1.0

Action                   |  1- 3 |  4- 6 |  7- 9 || total
-------------------------+-------+-------+-------++-------
Melee: Mace              |   119 |   218 |   340 ||   677
 Fire: Blowgun           |       |       |    20 ||    20
Invok: Sacrifice Love    |       |     1 |       ||     1
Evoke: Wand              |       |     3 |       ||     3
  Use: Scroll            |       |     5 |     2 ||     7
       Potion            |       |       |     4 ||     4
 Stab: Distracted        |       |       |     1 ||     1
  Eat: Chunk             |     3 |     7 |     8 ||    18
Armor: Scale mail        |    65 |   134 |   165 ||   364
       Skin              |       |       |    21 ||    21
Dodge: Dodged            |    54 |   111 |   132 ||   297
